 Dungeon Crawl Stone Soup version 0.20.0-15-g7f486f2 (webtiles) character file.

288 renl the Chopper (level 6, -8/56 HPs)
             Began as a Hill Orc Fighter on June 24, 2017.
             Mangled by a mummy (12 damage)
             ... in an ossuary.
             The game lasted 00:10:18 (2480 turns).

renl the Chopper (Hill Orc Fighter)                 Turns: 2480, Time: 00:10:18

Health: -8/56      AC: 12    Str: 21    XL:     6   Next: 31%
Magic:  6/6        EV:  5    Int:  8    God:
Gold:   129        SH:  9    Dex: 10    Spells: 5/5 levels left

rFire    x . .     SeeInvis .   a - +0 war axe
rCold    + . .     Gourm    .   c - +0 shield
rNeg     . . .     Faith    .   e - +0 chain mail (curse)
rPois    .         Spirit   .   (no helmet)
rElec    .         Reflect  .   (no cloak)
rCorr    .         Harm     .   k - +2 pair of gloves
MR       .....                  (no boots)
Stlth    ..........             (no amulet)
Regen    0.2/turn               j - ring of ice
MPRegen  0.1/turn               (no ring)

@: no status effects
A: no striking features
a: no special abilities


You were in an ossuary.
You were hungry.

You visited 1 branch of the dungeon, and saw 4 of its levels.
You also visited: Ossuary.

You collected 129 gold pieces.

Inventory:

Hand Weapons
 a - a +0 war axe (weapon)
Missiles
 m - 2 tomahawks (quivered)
Armour
 c - a +0 shield (worn)
 e - a cursed +0 chain mail (worn)
 k - a +2 pair of gloves (worn)
Jewellery
 j - a ring of ice (left hand)
Wands
 x - a wand of lightning (10/15)
Scrolls
 b - a scroll of remove curse {unknown}
 h - a scroll of identify {unknown}
 p - a scroll of blinking {unknown}
 q - a scroll of fog {unknown}
 u - a scroll of fear {unknown}
 v - 2 scrolls of magic mapping {unknown}
Potions
 d - a potion of might
 l - 2 potions of degeneration {unknown}
 n - 3 potions of curing {unknown}
 o - a potion of heal wounds {unknown}
 r - a potion of flight {unknown}
 s - 2 potions of haste {unknown}
 w - a potion of lignification {unknown}
Comestibles
 f - 2 bread rations
 g - 2 royal jellies
 i - a meat ration
 t - 2 chunks of flesh


   Skills:
 * Level 5.0 Fighting
 * Level 6.7 Axes
 + Level 3.8 Armour
 + Level 4.0 Shields


You had 5 spell levels left.
You didn't know any spells.

Dungeon Overview and Level Annotations

Branches:
Dungeon (4/15)
 Temple: D:4-7

Altars:


Message History

The mummy is moderately damaged.
You slash the mummy!
You destroy the mummy!
Your shield and chain mail prevent you from hitting the mummy.
You hit the mummy.
The mummy is lightly damaged.
The mummy hits you!
* * * LOW HITPOINT WARNING * * *
Your shield and chain mail prevent you from hitting the mummy.
The mummy is lightly damaged.
The mummy hits you but does no damage.
Okay, then.
Unknown command.
Unknown command.
You hit the mummy.
The mummy is moderately damaged.
You slash the mummy!
The mummy is severely damaged.
The mummy hits you!
You die...

'## ##'## ^^# #...#
^.# #^^.# ^.# #.^^#
^^# #^..# '## #'###
^.# #...# ^.#####
### #...#
..#...#?!!?# #@..#
..'.∩.#?}[!+.∩.M...#
..#...#!!!?#...#...#
####### ###########


You could see a mummy.

Vanquished Creatures
  A water moccasin zombie (Ossuary)
  An orc wizard (D:3)
  2 big kobold zombies (Ossuary)
  A mummy (Ossuary)
  5 adders
  2 adder zombies (Ossuary)
  2 worms
  3 dart slugs
  2 leopard geckos
  4 orcs (D:3)
  4 bats
  6 giant cockroaches
  14 goblins
  7 hobgoblins
  3 jackals (D:2)
  7 kobolds
  A ball python skeleton (D:4)
  4 frilled lizards
  2 gnoll zombies (Ossuary)
  9 hobgoblin zombies (Ossuary)
  8 kobold zombies (Ossuary)
  4 orc zombies (Ossuary)
  8 rats
100 creatures vanquished.

Notes
Turn   | Place    | Note
-------+----------+-------------------------------------------
     0 | D:1      | renl the Hill Orc Fighter began the quest for the Orb.
     0 | D:1      | Reached XP level 1. HP: 19/19 MP: 1/1
    83 | D:1      | Reached skill level 3 in Axes
   170 | D:1      | Reached XP level 2. HP: 26/27 MP: 2/2
   499 | D:1      | Reached XP level 3. HP: 31/33 MP: 3/3
  1033 | D:2      | Reached skill level 4 in Axes
  1096 | D:2      | Reached XP level 4. HP: 41/41 MP: 4/4
  1116 | D:2      | Found a faded altar of an unknown god.
  1764 | D:3      | Reached skill level 5 in Axes
  1764 | D:3      | Reached XP level 5. HP: 47/47 MP: 5/5
  2328 | D:4      | Found a sand-covered staircase.
  2334 | Ossuary  | Entered an ossuary
  2380 | Ossuary  | Reached skill level 5 in Fighting
  2380 | Ossuary  | Reached skill level 6 in Axes
  2380 | Ossuary  | Reached XP level 6. HP: 28/56 MP: 6/6
  2480 | Ossuary  | Mangled by a mummy

Skill      XL: |  1  2  3  4  5  6 |
---------------+-------------------+-----
Axes           | 3 4 5 6 |  6.7
Fighting       | 4 5 |  5.0
Shields        | 4 |  4.0
Armour         | |  3.8

Action                   |  1- 3 |  4- 6 || total
-------------------------+-------+-------++-------
Melee: War axe           |   105 |   182 ||   287
  Eat: Chunk             |     1 |     4 ||     5
Armor: Scale mail        |    10 |       ||    10
       Chain mail        |    48 |    80 ||   128
Dodge: Dodged            |    21 |    34 ||    55
Block: Shield            |    48 |    68 ||   116
